 Dungeon Crawl Stone Soup version 0.25.1-8-g42b30a86e7 (webtiles) character file.

Game seed: 3784605997430332

128 sahdkjhfkaj the Conjurer (level 5, -2/34 HPs)
             Began as an Octopode Conjurer on Dec 12, 2020.
             Slain by a sky beast (6 damage)
             ... on level 2 of the Dungeon.
             The game lasted 00:07:23 (2655 turns).

sahdkjhfkaj the Conjurer (Octopode Conjurer)        Turns: 2655, Time: 00:07:24

Health: -2/34      AC:  1    Str:  7    XL:     5   Next: 11%
Magic:  2/9        EV: 13    Int: 18    God:
Gold:   56         SH:  0    Dex: 13    Spells: 0/10 levels left

rFire    . . .     SeeInvis .   a - +0 dagger (drain)
rCold    . . .     Gourm    .   (no shield)
rNeg     . . .     Faith    .   (helmet restricted)
rPois    .         Spirit   .   d - amulet of the acrobat
rElec    .         Reflect  .   h - ring of wizardry
rCorr    .         Harm     .   (no ring)
MR       .....                  (no ring)
Stlth    +++.......             (no ring)
HPRegen  0.11/turn              (no ring)
MPRegen  0.11/turn              (no ring)
                                (no ring)
                                (no ring)

@: no status effects
A: almost no armour, stealthy swim, amphibious, 8 rings, constrict 8, camouflage
1, gelatinous body 1
a: no special abilities


You were on level 2 of the Dungeon.
You were not hungry.

You visited 1 branch of the dungeon, and saw 3 of its levels.

You collected 56 gold pieces.

Inventory:

Hand Weapons
 a - a +0 dagger of draining (weapon)
Jewellery
 d - an amulet of the acrobat (around mantle)
 h - a ring of wizardry (left tentacle)
Scrolls
 g - a scroll of enchant weapon {!r}
 i - 5 scrolls of remove curse {!r}
 j - a scroll of immolation {!r}
 k - a scroll of noise {!r, unknown}
 l - a scroll of teleportation {!r, unknown}
Potions
 c - 2 potions of flight {!q, unknown}
 e - 2 potions of brilliance {!q}
 f - a potion of curing {!q, unknown}
Comestibles
 b - 5 rations
 m - a chunk of flesh


   Skills:
 - Level 2.0 Fighting
 - Level 2.0 Dodging
 - Level 3.0 Stealth
 - Level 3.0 Spellcasting
 - Level 4.3 Conjurations
 + Level 2.3 Hexes


You couldn't memorise any spells.
You knew the following spells:

 Your Spells              Type           Power        Failure   Level  Hunger
a - Magic Dart            Conj           ###.         1%          1    None
b - Searing Ray           Conj           ###...       1%          2    ##.....
f - Fulminant Prism       Conj/Hex       ##........   16%         4    ####...
E - Dazzling Flash        Conj/Hex       ##....       4%          3    ###....

Your spell library contained the following spells:

 Spells                   Type           Power        Failure   Level  Hunger
 Iskenderun's Mystic Bla  Conj/Tloc      ##......     26%         4    ####...


Dungeon Overview and Level Annotations

Branches:
Dungeon (3/15)

Altars:


Innate Abilities, Weirdness & Mutations

You cannot wear most types of armour.
You are very stealthy in the water. (Stealth+)
You are amphibious.
You can wear up to eight rings at the same time.
You can use your tentacles to constrict eight enemies at once.
Your skin changes colour to match your surroundings (Stealth+).
Your rubbery body absorbs attacks. (AC +1, EV +1)


Message History

There is a stone staircase leading down here.
A sky beast appears from thin air!
Reactivating autopickup.
A sky beast is nearby!
The sky beast flickers out of sight!
Deactivating autopickup; reactivate with Ctrl-A.
Casting: Dazzling Flash (dangerous; 4% risk of failure)
Confirm with . or Enter, or press ? or * to list all spells.
You can't see any susceptible monsters within range! (Use Z to cast anyway.)
There is a stone staircase leading down here.
A sky beast appears from thin air!
Reactivating autopickup.
Casting: Dazzling Flash (dangerous; 4% risk of failure)
Confirm with . or Enter, or press ? or * to list all spells.
Casting: Dazzling Flash (dangerous; 4% risk of failure)
Confirm with . or Enter, or press ? or * to list all spells.
The sky beast is dazzled.
The sky beast hits you.
* * * LOW HITPOINT WARNING * * *
The sky beast shocks you.
You die...

.# #.#
#..###.#...............## .#
#.#
#..................###### .#
#.# #.###..#..########## ###
.####.###.# #.....# #..
..........# #>##.## #..
####....###
#ยง##.##############..
#.#..# #.##..............#..
#....# #.##..###########....
####.# #..Y@..# ###.... #.#
####...# #...... #.#
#...########...... ####.#
#................. #....#
##..########.....# #.##)##
#..# #.....#
#.#...########..# ###.###
#.#.........##..##########.#
#
#.#...#####.##.............#
#


You could see a sky beast (blind).

Vanquished Creatures
  Terence (D:2)
  6 adders (D:2)
  An ooze (D:1)
  2 worms (D:2)
  2 giant cockroaches (D:2)
  3 goblins (D:1)
  6 hobgoblins
  2 jackals (D:2)
  5 bats
  10 frilled lizards
  2 kobolds
  5 rats
45 creatures vanquished.

Notes
Turn   | Place    | Note
-------+----------+-------------------------------------------
     0 | D:1      | sahdkjhfkaj the Octopode Conjurer began the quest for the
                  | Orb.
     0 | D:1      | Reached XP level 1. HP: 11/11 MP: 3/3
   170 | D:1      | Reached skill level 1 in Fighting
   170 | D:1      | Reached XP level 2. HP: 3/18 MP: 0/5
   438 | D:1      | Learned a level 2 spell: Searing Ray
  1261 | D:2      | Reached XP level 3. HP: 9/24 MP: 1/6
  1274 | D:2      | Learned a level 3 spell: Dazzling Flash
  1572 | D:2      | Reached skill level 1 in Hexes
  1789 | D:2      | Reached XP level 4. HP: 28/29 MP: 7/7
  1860 | D:2      | Noticed Terence
  1871 | D:2      | Killed Terence
  2292 | D:2      | Reached XP level 5. HP: 34/34 MP: 9/9
  2298 | D:2      | Learned a level 4 spell: Fulminant Prism
  2572 | D:3      | Noticed a sky beast
  2630 | D:2      | sahdkjhfkaj: @? sky beast
  2630 | D:2      | beem: sky beast (Y)
                  | Spd:
    10 | HD: 5    | HP: 24-32
                  | AC/EV:
                  | 3/13
                  | Dam: 5(elec:5-6)
                  | fly
                  | Res: magic(20), elec+++
                  | | Chunks: noxious
                  | XP:
   130 | Sz: Large | Int: animal.
  2655 | D:2      | Slain by a sky beast

Illustrated notes

Levels and vault maps discovered:
D:1:      eino_arrival_druids_welcome, layout_rooms, serial_bayou_lagoon_a
D:2:      layout_loops_ring, minmay_lizard_pond, uniq_terence
D:3:      layout_loops_cross, grunt_ashenzari_visionary
          [grunt_ashenzari_visionary_shoals, grunt_ashenzari_visionary_snake]

Skill      XL: |  1  2  3  4 |
---------------+-------------+-----
Fighting       | 1 2 |  2.0
Stealth        | 3 |  3.0
Hexes          | 1 2 |  2.3
Spellcasting   | 3 |  3.0
Dodging        | |  2.0
Conjurations   | |  4.3

Action                   |  1- 3 |  4- 6 || total
-------------------------+-------+-------++-------
Melee: Unarmed           |    10 |       ||    10
       Constrict         |    11 |     4 ||    15
       Tentacles         |     6 |     4 ||    10
       Dagger            |    49 |    31 ||    80
 Cast: Magic Dart        |    20 |       ||    20
       Searing Ray       |     5 |     2 ||     7
       Dazzling Flash    |       |     3 ||     3
  Use: Scroll            |     4 |       ||     4
 Stab: Sleeping          |       |     9 ||     9
  Eat: Chunk             |     3 |     3 ||     6
Armor: Skin              |     4 |       ||     4
Dodge: Dodged            |    41 |    18 ||    59
